 Dungeon Crawl Stone Soup version 0.17-a0-2098-gf59d6bc (webtiles) character file.

45110 4thArraOfDagon the Bludgeoner (level 14, -12/229 HPs)
             Began as an Ogre Hunter on Oct 17, 2015.
             Was a High Priest of Cheibriados (penitent).
             Mangled by a deep elf blademaster
             ... wielding a +0 rapier
              (18 damage)
             ... on level 3 of the Elven Halls.
             The game lasted 00:49:56 (7131 turns).

4thArraOfDagon the Bludgeoner (Ogre Hunter)         Turns: 7131, Time: 00:49:57

Health: -12/229    AC:  8    Str: 25    XL:     14   Next: 31%
Magic:  22/22      EV: 15    Int: 16    God:    Cheibriados [*]
Gold:   277        SH:  0    Dex: 14    Spells: 0 memorised, 18 levels left

rFire  . . .     SeeInvis .     E - +5 great mace (flame)
rCold  + . .     Clarity  .     O - +2 troll leather armour
rNeg   . . .     SustAt   .     (no shield)
rPois  .         Gourm    .     (helmet restricted)
rElec  .         Spirit   .     d - +0 cloak "Owem" {rC+}
rCorr  .         Warding  .     (gloves unavailable)
rMut   .         Stasis   .     (boots unavailable)
MR     +....                    c - amulet of faith
Stlth  ..........               z - +2 ring of intelligence
                                r - +4 ring of dexterity

@: berserking, very slightly contaminated, invisible (expiring), very slow,
somewhat resistant to hostile enchantments, extremely unstealthy
A: unfitting armour, tough skin 1
a: Renounce Religion


You were on level 3 of the Elven Halls.
You worshipped Cheibriados.
Cheibriados was demanding penance.
You were not hungry.

You visited 4 branches of the dungeon, and saw 18 of its levels.
You visited 1 bazaar.
You also visited: Ossuary, Bailey and Ice Cave.

You collected 2105 gold pieces.
You spent 1828 gold pieces at shops.

Inventory:

Hand Weapons
 h - a +0 club
 n - a +0 giant club
 v - a +2 morningstar of protection
 E - a +5 great mace of flaming (weapon)
 J - the +1 trident of Death {venom, MR+ Stlth+}
   (You found it on level 7 of the Dungeon)

   It poisons the flesh of those it strikes.
   It affects your resistance to hostile enchantments.
   It makes you more stealthy.
 Q - a +2 morningstar of freezing
Missiles
 a - 4 large rocks (quivered)
 B - 5 exploding tomahawks
Armour
 d - the +0 cloak "Owem" (worn) {rC+}
   (You acquired it on level 3 of the Orcish Mines)

   It protects you from cold.
 D - a +2 shield
 I - a +0 robe of fire resistance
 O - a +2 troll leather armour (worn)
Jewellery
 c - an amulet of faith (around neck)
 g - an uncursed amulet of resist mutation
 r - a +4 ring of dexterity (left hand)
 y - an uncursed amulet of clarity
 z - a +2 ring of intelligence (right hand)
 N - an uncursed ring of protection from cold
Wands
 f - a wand of paralysis (12)
 A - a wand of slowing (25)
 C - a wand of cold (4)
 H - a wand of polymorph (10)
 L - a wand of disintegration (18)
Scrolls
 i - 2 scrolls of blinking
 j - 3 scrolls of teleportation
 l - 6 scrolls of remove curse
 o - a scroll of immolation
 t - 4 scrolls of fog
 T - a scroll of magic mapping
Potions
 k - 4 potions of agility
 m - 3 potions of curing
 p - 3 potions of flight
 q - 3 potions of lignification
 s - 3 potions of haste
 w - 3 potions of might
 x - a potion of magic
 K - 2 potions of cancellation
 P - a potion of cure mutation
 U - a potion of invisibility
 V - 2 potions of brilliance
Comestibles
 e - 6 bread rations
 u - 5 meat rations
 F - 4 chunks of flesh


   Skills:
 - Level 13.0 Fighting
 * Level 18.9 Maces & Flails
 - Level 4.0 Throwing
 + Level 10.3 Dodging
 - Level 0.7 Stealth
 - Level 2.6 Spellcasting
 + Level 10.6 Invocations
 - Level 5.0 Evocations


You had 18 spell levels left.
You didn't know any spells.

Dungeon Overview and Level Annotations

Branches:
Dungeon (10/15)            Temple (1/1) D:5             Orc (4/4) D:10
    Elf (3/3) Orc:3
   Lair: D:8-11

Altars:
Ashenzari
Cheibriados
Dithmenos
Elyvilon
Fedhas
Gozag
Kikubaaqudgha
Makhleb
Nemelex Xobeh
Qazlal
Sif Muna
Trog
Xom
Yredelemnul
The Shining One
Beogh

Shops:
D:5 (   Orc:4 ?!(}   Elf:2 =

Portals:
Pandemonium: Orc:4

Annotations:
Elf:2 3 runed doors, Aizul


Innate Abilities, Weirdness & Mutations

You are too large for most types of armour.
You have tough skin (AC +1).


Message History

* * * LOW HITPOINT WARNING * * *
The deep elf blademaster hits you with a rapier!
* * * LOW HITPOINT WARNING * * *
Unknown command.
You barely miss the deep elf blademaster.
The deep elf blademaster is lightly wounded.
You flicker for a moment.
The deep elf blademaster hits you with a rapier!
* * * LOW HITPOINT WARNING * * *
The deep elf blademaster hits you but does no damage.
Unknown command.
You strike the helpless deep elf blademaster from behind!
You bludgeon the deep elf blademaster!! You burn the deep elf blademaster.
The deep elf blademaster is heavily wounded.
Unknown command.
Unknown command.
Unknown command.
Unknown command.
The deep elf blademaster hits you with a rapier!!
You die...

*,,,,,,,,,,,,,,,,,,,,,,,,,,,....
*,,,,,,,,,,,,,,,,,,,,,,,,,,,....
**+******#+########+##+#########
*,,,,,,,,#...........#.......'..
*,,,,,,,,#...........#.......#..
*,,,,,,,,+...........'.......#..
**********######...#############
##e#.# #@##.# ##.#.# ###e# #.#
***** #.# *** ***,,,*** **#.#**
***,, **,,,,,,,*** ***,...,***
***,,,,
*,,,,,,,,,,***,,,...,,,***,,,,,,
*,,,,,,,,,,,,,,,,,,,,,,,,,,,,,,,


You could see a deep elf blademaster.

Vanquished Creatures
  A deep elf master archer (Elf:3)
  An orc warlord (Orc:4)
  Azrael (Elf:2)
  A deep elf annihilator (Elf:1)
  Snorg (Orc:2)
  Josephine (Orc:1)
  A deep elf high priest (Elf:1)
  A large abomination (Elf:1)
  4 dancing weapons (Elf:2)
  5 orc high priests (Orc:4)
  3 deep elf knights (Elf:1)
  5 skeletal warriors (D:10)
  2 torturous demonspawn (Orc:4)
  A hill giant (D:9)
  6 orc sorcerers (Orc:4)
  4 deep elf summoners
  9 deep elf conjurers
  4 orc knights (Orc:4)
  A smoke demon (Orc:4)
  A gargoyle (D:10)
  A hellwing (Orc:4)
  7 deep elf priests
  5 trolls
  Grinder (D:3)
  10 deep elf magi
  A fire elemental (Elf:2)
  5 wraiths (Orc:2)
  A hippogriff (D:7)
  3 yaks (D:8)
  8 deep elf fighters
  6 wargs
  Edmund (D:4)
  6 hell hounds (Elf:2)
  2 sky beasts
  Duvessa (D:7)
  6 ice beasts
  29 orc warriors
  A necrophage (D:10)
  5 ogres
  A centaur (D:9)
  2 big kobolds
  Dowan (D:7)
  4 giant frogs
  2 scorpions
  4 hounds
  An electric eel (Elf:3)
  The ghost of Kidiri the Firebug, a weakling DEFE (D:3)
  3 crimson imps
  A giant frog skeleton (D:8)
  A gnoll shaman (D:7)
  4 iguanas
  27 orc priests
  4 jellies
  17 orc wizards
  6 worker ants
  2 big kobold zombies (Ossuary)
  The ghost of 4thArraOfDagon the Gusty, a weakling DrAE (D:6)
  8 mummies (Ossuary)
  5 gnolls (D:7)
  10 adders
  12 white imps (Orc:4)
  An adder skeleton (D:6)
  An adder zombie (D:4)
  5 worms
  2 giant geckos
  122 orcs
  2 ball pythons (D:3)
  3 giant cockroaches
  2 goblins (Bailey)
  7 hobgoblins
  2 quokkas
  A bat (D:3)
  7 giant newts
  A hobgoblin zombie (Ossuary)
  3 jackal skeletons
  13 kobolds
  4 kobold zombies (Ossuary)
  An orc zombie (Ossuary)
  A quokka skeleton (D:4)
  12 rats
459 creatures vanquished.

Notes
Turn   | Place    | Note
--------------------------------------------------------------
     0 | D:1      | 4thArraOfDagon the Ogre Hunter began the quest for the Orb.
     0 | D:1      | Reached XP level 1. HP: 22/22 MP: 1/1
   121 | D:1      | Reached skill level 1 in Maces & Flails
   121 | D:1      | Reached XP level 2. HP: 14/31 MP: 2/2
   335 | D:2      | Found a glowing golden altar of the Shining One.
   362 | D:2      | Found an opulent altar of Gozag.
   528 | D:3      | Noticed Grinder
   535 | D:3      | Paralysed by Grinder for 4 turns
   550 | D:3      | Paralysed by Grinder for 3 turns
   554 | D:3      | Paralysed by Grinder for 4 turns
   604 | D:4      | Reached skill level 6 in Fighting
   604 | D:4      | Reached skill level 8 in Maces & Flails
   604 | D:4      | Reached XP level 3. HP: 19/45 MP: 3/3
   692 | D:4      | Reached XP level 4. HP: 37/53 MP: 4/4
   798 | D:5      | Entered Level 5 of the Dungeon
   799 | D:5      | Noticed an ogre
   800 | D:5      | Killed an ogre
   800 | D:5      | Reached skill level 9 in Maces & Flails
   800 | D:5      | Reached XP level 5. HP: 48/62 MP: 5/5
   907 | D:4      | Reached XP level 6. HP: 54/71 MP: 6/6
   955 | D:4      | Found a basalt altar of Yredelemnul.
   965 | D:4      | Found a shadowy altar of Dithmenos.
  1004 | D:4      | Found a burning altar of Makhleb.
  1224 | D:5      | Found a staircase to the Ecumenical Temple.
  1235 | Temple   | Entered the Ecumenical Temple
  1270 | Temple   | Became a worshipper of Cheibriados the Contemplative
  1321 | D:5      | Found a sand-covered staircase.
  1326 | Ossuary  | Entered an ossuary
  1373 | Ossuary  | Reached skill level 5 in Dodging
  1384 | Ossuary  | Reached XP level 7. HP: 63/78 MP: 7/7
  1410 | Ossuary  | Reached skill level 1 in Invocations
  1631 | D:5      | Found Jitt's Weapon Boutique.
  1732 | D:4      | Reached skill level 1 in Spellcasting
  1737 | D:4      | Reached skill level 10 in Maces & Flails
  1776 | D:4      | Reached * piety under Cheibriados
  1790 | D:3      | Killed Grinder
  1790 | D:3      | Reached XP level 8. HP: 88/88 MP: 8/10
  1915 | D:3      | Noticed Kidiri's ghost (weakling DEFE)
  1926 | D:3      | Killed Kidiri's ghost
  1955 | D:3      | Found a blossoming altar of Fedhas.
  2151 | D:4      | Noticed Edmund
  2158 | D:4      | Killed Edmund
  2305 | D:5      | Noticed an ice beast
  2314 | D:5      | Killed an ice beast
  2490 | D:5      | Bought a +4 great mace of protection for 447 gold pieces
  2553 | D:6      | Reached ** piety under Cheibriados
  2554 | D:6      | Noticed 4thArraOfDagon's ghost (weakling DrAE)
  2560 | D:6      | Killed 4thArraOfDagon's ghost
  2681 | D:6      | Found a sparkling altar of Nemelex Xobeh.
  2804 | D:7      | Got a crude trident
  2811 | D:7      | Reached skill level 11 in Maces & Flails
  2818 | D:7      | Identified the cursed +1 trident of Death {venom, MR+ Stlth+} (You found it on level 7 of the Dungeon)
  2892 | D:7      | Found a flagged portal.
  2899 | Bailey   | Entered a bailey
  2958 | Bailey   | Reached XP level 9. HP: 94/97 MP: 12/12
  2999 | Bailey   | Found an iron altar of Okawaru.
  3160 | D:7      | Reached *** piety under Cheibriados
  3298 | D:8      | Reached skill level 12 in Maces & Flails
  3398 | D:7      | Noticed Dowan
  3405 | D:7      | Noticed Duvessa
  3410 | D:7      | Killed Duvessa
  3420 | D:7      | Killed Dowan
  3466 | D:8      | Reached **** piety under Cheibriados
  3470 | D:8      | Reached skill level 1 in Evocations
  3483 | D:8      | Reached XP level 10. HP: 107/107 MP: 13/13
  3566 | D:9      | Noticed a hill giant
  3576 | D:9      | Killed a hill giant
  3588 | D:9      | Reached skill level 5 in Invocations
  3717 | D:9      | Reached skill level 13 in Maces & Flails
  3821 | D:10     | Entered Level 10 of the Dungeon
  3825 | D:10     | Reached ***** piety under Cheibriados
  3827 | D:10     | Noticed a skeletal warrior
  3829 | D:10     | Noticed a skeletal warrior
  3833 | D:10     | Noticed a skeletal warrior
  3834 | D:10     | Noticed a skeletal warrior
  3834 | D:10     | Noticed a skeletal warrior
  3836 | D:10     | Reached skill level 10 in Fighting
  3850 | D:10     | Killed a skeletal warrior
  3854 | D:10     | Killed a skeletal warrior
  3854 | D:10     | Reached XP level 11. HP: 114/119 MP: 9/15
  3861 | D:10     | Killed a skeletal warrior
  3867 | D:10     | Killed a skeletal warrior
  3878 | D:10     | Killed a skeletal warrior
  3878 | D:10     | Reached skill level 14 in Maces & Flails
  3987 | D:10     | Found a staircase to the Orcish Mines.
  3994 | D:10     | Found a roughly hewn altar of Beogh.
  4017 | Orc:1    | Entered Level 1 of the Orcish Mines
  4268 | Orc:2    | Noticed Josephine
  4280 | Orc:1    | Killed Josephine
  4484 | Orc:2    | Noticed Snorg
  4492 | Orc:2    | Killed Snorg
  4629 | Orc:3    | Reached ****** piety under Cheibriados
  4744 | Orc:4    | Entered Level 4 of the Orcish Mines
  4791 | Orc:4    | Noticed an orc warlord
  4793 | Orc:4    | Paralysed by an orc sorcerer for 3 turns
  4795 | Orc:4    | Noticed an orc knight
  4795 | Orc:4    | Noticed an ice devil
  4798 | Orc:4    | Reached skill level 15 in Maces & Flails
  4798 | Orc:4    | Reached XP level 12. HP: 39/130 MP: 11/17
  4887 | Orc:4    | Found a frozen archway.
  4922 | IceCv    | Entered an ice cave
  5051 | Orc:4    | Noticed an orc knight
  5138 | Orc:4    | Killed an orc knight
  5157 | Orc:4    | Found Orayna Qaut's Magic Scroll Boutique.
  5158 | Orc:4    | Found Daut's Distillery.
  5195 | Orc:4    | Bought a scroll of acquirement for 676 gold pieces
  5195 | Orc:4    | Bought a scroll of identify for 26 gold pieces
  5195 | Orc:4    | Bought a scroll of identify for 26 gold pieces
  5195 | Orc:4    | Bought a scroll of enchant weapon for 97 gold pieces
  5195 | Orc:4    | Bought a scroll of enchant armour for 97 gold pieces
  5195 | Orc:4    | Bought a scroll of magic mapping for 45 gold pieces
  5197 | Orc:4    | Bought a potion of agility for 44 gold pieces
  5197 | Orc:4    | Bought a potion of invisibility for 88 gold pieces
  5197 | Orc:4    | Bought a potion of brilliance for 44 gold pieces
  5197 | Orc:4    | Bought a potion of lignification for 33 gold pieces
  5197 | Orc:4    | Bought a potion of degeneration for 11 gold pieces
  5197 | Orc:4    | Bought a potion of agility for 44 gold pieces
  5238 | Orc:4    | Noticed an orc high priest
  5241 | Orc:4    | Noticed an orc knight
  5252 | Orc:4    | Killed an orc knight
  5259 | Orc:4    | Killed an orc high priest
  5259 | Orc:4    | Reached skill level 5 in Evocations
  5278 | Orc:4    | Noticed an orc knight
  5295 | Orc:4    | Killed an orc knight
  5311 | Orc:4    | Killed an orc knight
  5414 | Orc:4    | Reached skill level 16 in Maces & Flails
  5489 | Orc:4    | Noticed an orc high priest
  5548 | Orc:4    | Noticed a torturous demonspawn
  5553 | Orc:4    | Killed a torturous demonspawn
  5555 | Orc:4    | Noticed a torturous demonspawn
  5558 | Orc:4    | Killed a torturous demonspawn
  5567 | Orc:4    | Found Ytwaxzi's Gadget Shoppe.
  5567 | Orc:4    | Found a one-way gate leading to the halls of Pandemonium.
  5567 | Orc:4    | Found Bagav's Antique Weapon Emporium.
  5567 | Orc:4    | Noticed an orc high priest
  5567 | Orc:4    | Noticed an orc high priest
  5570 | Orc:4    | Noticed an orc high priest
  5571 | Orc:4    | Killed an orc high priest
  5573 | Orc:4    | Killed an orc high priest
  5573 | Orc:4    | Reached XP level 13. HP: 122/141 MP: 3/19
  5579 | Orc:4    | Killed an orc high priest
  5580 | Orc:4    | Killed an orc high priest
  5688 | Orc:4    | Noticed an orc warlord
  5706 | Orc:4    | Killed an orc warlord
  5726 | Orc:3    | Reached skill level 17 in Maces & Flails
  5729 | Orc:3    | Found a staircase to the Elven Halls.
  5750 | Orc:3    | Got a polished cloak
  5756 | Orc:3    | Identified the +0 cloak "Owem" {rC+} (You acquired it on level 3 of the Orcish Mines)
  5802 | Elf:1    | Entered Level 1 of the Elven Halls
  6002 | Elf:1    | Noticed a deep elf annihilator
  6017 | Elf:1    | Killed a deep elf annihilator
  6354 | Elf:1    | Reached skill level 18 in Maces & Flails
  6450 | Elf:2    | Reached skill level 10 in Invocations
  6481 | Elf:2    | Noticed Aizul
  6521 | Elf:2    | Found Fasajeq's Jewellery Emporium.
  6523 | Elf:2    | Reached XP level 14. HP: 76/153 MP: 21/21
  6523 | Elf:2    | Reached skill level 10 in Dodging
  6599 | Elf:2    | Noticed Azrael
  6623 | Elf:2    | Killed Azrael
  6659 | Elf:2    | Found a runed gate.
  6659 | Elf:2    | Found a runed gate.
  6661 | Elf:2    | Found a runed gate.
  6764 | Elf:3    | Entered Level 3 of the Elven Halls
  6801 | Elf:3    | Found a flickering gateway to a bazaar.
  6810 | Bazaar   | Entered a bazaar
  6824 | Bazaar   | Found Nujibb's Magic Scroll Shoppe.
  6839 | Bazaar   | Found Xoki Emo's Gadget Emporium.
  6854 | Bazaar   | Found Cidell's Armour Emporium.
  6901 | Bazaar   | Bought a scroll of teleportation for 45 gold pieces
  6901 | Bazaar   | Bought a scroll of teleportation for 45 gold pieces
  6901 | Bazaar   | Bought a scroll of identify for 30 gold pieces
  6901 | Bazaar   | Bought a scroll of identify for 30 gold pieces
  7097 | Elf:3    | Noticed a deep elf master archer
  7108 | Elf:3    | Killed a deep elf master archer
  7117 | Elf:3    | Noticed a deep elf blademaster
  7124 | Elf:3    | Was placed under penance by Cheibriados
  7129 | Elf:3    | HP: 4/229 [deep elf blademaster/rapier (12)]
  7131 | Elf:3    | Mangled by a deep elf blademaster

Vault maps used:
D:1:      erik_arrival_orb_chamber
D:2:      tso_metal_star, grunt_gozag_statues
D:3:      tgw_fedhas, first_bread, minmay_misc_feat_nine_boxes,
          minmay_shallow_snake_nest, uniq_robin, uniq_grinder
D:4:      nicolae_overflow_hidden_temple, uniq_edmund
D:5:      nicolae_ru_the_path_less_chosen,
          minmay_temple_entry_statues_fountains, serial_shops, shop,
          enter_ossuary_2, saegor_snake_ambush
D:6:      fiery_altar_vehumet, lemuel_doored_altar
D:7:      enter_bailey_1, uniq_duvessa
D:8:      grunt_ogre_cave
D:9:      amethyst_overflow_temple_binary, hangedman_abyss_or_decor_stabs
D:10:     erik_lair_orcish_takeover, minmay_orc_entry_temple_small, tgw_sif
Temple:   circular_temple_pool_8
Orc:2:    minmay_orc_barracks, uniq_josephine, uniq_snorg
Orc:3:    nicolae_orc_pool_cavern, trog_hazing_becter
Orc:4:    pf_orc_diabolical, portal_ice_cave_entry_imps
Elf:1:    eino_elf_arrival_customs, hangedman_elf_represent
Elf:2:    serial_shops, shop, uniq_roxanne, uniq_aizul, uniq_azrael
Elf:3:    minmay_elf_hall, serial_shops, bzr_in_the_mist
Bazaar:   bazaar_short_row
Ossuary:  ossuary_tomb_3
Bailey:   bailey_axe_3, bailey
IceCv:    ice_cave_statue_garden_01

Action                   |  1- 3 |  4- 6 |  7- 9 | 10-12 | 13-15 || total
-------------------------+-------+-------+-------+-------+-------++-------
Melee: Short sword       |    19 |       |       |       |       ||    19
       Club              |    27 |       |       |       |       ||    27
       Giant club        |       |    42 |    89 |       |       ||   131
       Great mace        |       |       |   134 |   440 |   219 ||   793
Throw: Large rock        |    13 |    17 |    23 |    18 |     8 ||    79
       Throwing net      |     4 |     1 |       |       |     4 ||     9
Invok: Bend Time         |       |       |     1 |     4 |       ||     5
       Slouch            |       |       |       |     9 |     6 ||    15
       Temporal Distorti |       |       |       |     1 |     3 ||     4
Evoke: Wand              |       |       |       |       |     6 ||     6
  Use: Scroll            |     5 |     3 |     8 |     9 |    12 ||    37
       Potion            |     1 |       |     1 |     2 |     5 ||     9
 Stab: Sleeping          |       |     1 |     2 |     2 |     2 ||     7
       Distracted        |       |       |     1 |     1 |     1 ||     3
       Held in net/web   |       |       |       |       |     2 ||     2
       Invisible         |       |       |       |       |     2 ||     2
  Eat: Chunk             |       |     1 |       |     4 |     2 ||     7
       Bread ration      |       |       |     1 |       |       ||     1
       Beef jerky        |       |       |     1 |       |     2 ||     3
       Fruit             |       |       |       |     4 |       ||     4
       Pizza             |       |       |       |       |     1 ||     1
